 Dungeon Crawl Stone Soup version 0.18.1-6-gd335043 (webtiles) character file.

86 manyhoops the Chopper (level 4, 0/34 HPs)
             Began as a Demonspawn Gladiator on May 16, 2016.
             Was an Initiate of Cheibriados.
             Succumbed to a gnoll's poison
             ... on level 3 of the Dungeon.
             The game lasted 00:02:07 (1234 turns).

manyhoops the Chopper (Demonspawn Gladiator)        Turns: 1234, Time: 00:02:08

Health: 0/34       AC:  9    Str: 17    XL:     4   Next: 27%
Magic:  4/4        EV:  8    Int: 10    God:    Cheibriados [......]
Gold:   99         SH:  0    Dex: 15    Spells: 0 memorised, 3 levels left

rFire  . . .     SeeInvis .     a - +0 war axe
rCold  . . .     Gourm    .     i - +0 chain mail (curse)
rNeg   . . .     Faith    .     (no shield)
rPois  .         Spirit   .     c - +0 helmet
rElec  .         Dismiss  .     (no cloak)
rCorr  .         Reflect  .     (no gloves)
SustAt .         Harm     .     (no boots)
MR     .....                    (no amulet)
Stlth  ..........               (no ring)
                                (no ring)

@: lethally poisoned (0 -> -5), slow, not resistant to hostile enchantments,
extremely unstealthy
A: nightstalker 1, powered by death 1
a: Bend Time, Renounce Religion


You were on level 3 of the Dungeon.
You worshipped Cheibriados.
Cheibriados was noncommittal.
You were very hungry.

You visited 1 branch of the dungeon, and saw 3 of its levels.

You collected 99 gold pieces.

Inventory:

Hand Weapons
 a - a +0 war axe (weapon)
Missiles
 d - 3 throwing nets (quivered)
Armour
 b - a +0 leather armour
 c - a +0 helmet (worn)
 i - a cursed +0 chain mail (worn)
Scrolls
 e - a scroll of enchant armour {unknown}
 h - a scroll of enchant weapon {unknown}
 j - a scroll of remove curse {unknown}
 m - 2 scrolls of random uselessness {unknown}
 p - a scroll of identify {unknown}
Potions
 k - a potion of haste
Comestibles
 f - 3 bread rations
 g - a royal jelly
 l - a beef jerky
 n - a meat ration


   Skills:
 + Level 2.8 Fighting
 + Level 3.9 Axes
 - Level 1.7 Throwing
 + Level 1.1 Armour
 - Level 2.6 Dodging


You had 3 spell levels left.
You didn't know any spells.

Dungeon Overview and Level Annotations

Branches:
Dungeon (3/15)

Altars:
Cheibriados
Gozag


Innate Abilities, Weirdness & Mutations

You are slightly more attuned to the shadows.
You regenerate a little health from kills.


Message History

You are too injured to fight recklessly!
Unknown command.
You are too injured to fight recklessly!
You are too injured to fight recklessly!
Unknown command.
Unknown command.
You are too injured to fight recklessly!
Unknown command.
You are too injured to fight recklessly!
Unknown command.
You are too injured to fight recklessly!
You closely miss the gnoll. You hit the gnoll but do no damage.
The gnoll is moderately wounded.
You feel sick. The gnoll barely misses you.
The gnoll hits you with a flail of venom.
* * * LOW HITPOINT WARNING * * *
You are more poisoned.
You closely miss the gnoll. You hit the gnoll.
The gnoll is heavily wounded.
You die...

#.....
..#..
#.#.#
....
##..#####
#.gg....#
#.)@..#
#...#.###
+.# #.# #
#.# $>#
###


You could see 2 gnolls.

Vanquished Creatures
  A gnoll (D:3)
  An adder (D:2)
  2 oozes
  A worm (D:2)
  3 dart slugs (D:1)
  A giant gecko (D:1)
  A ball python (D:1)
  3 giant cockroaches
  A goblin (D:1)
  8 hobgoblins
  4 jackals (D:1)
  A quokka (D:2)
  4 bats
  3 giant newts
  7 kobolds
  9 rats
50 creatures vanquished.

Notes
Turn   | Place    | Note
--------------------------------------------------------------
     0 | D:1      | manyhoops the Demonspawn Gladiator began the quest for the Orb.
     0 | D:1      | Reached XP level 1. HP: 16/16 MP: 1/1
    24 | D:1      | Reached skill level 3 in Axes
    33 | D:1      | Gained mutation: You regenerate a little health from kills. [demonic ancestry]
    33 | D:1      | Reached XP level 2. HP: 18/22 MP: 2/2
   381 | D:1      | Reached XP level 3. HP: 27/27 MP: 3/3
   768 | D:2      | Found an opulent altar of Gozag.
   832 | D:2      | Reached skill level 1 in Armour
   832 | D:2      | Gained mutation: You are slightly more attuned to the shadows. [demonic ancestry]
   832 | D:2      | Reached XP level 4. HP: 2/34 MP: 4/4
   936 | D:2      | Found a snail-covered altar of Cheibriados.
  1209 | D:2      | Became a worshipper of Cheibriados the Contemplative
  1233 | D:3      | HP: 1/34 [gnoll/flail of venom (2)]
  1234 | D:3      | Succumbed to a gnoll's poison

Skill      XL: |  1  2  3 |
---------------+----------+-----
Axes           | 3 |  3.9
Armour         | 1 |  1.1
Fighting       | |  2.8
Throwing       | |  1.7
Dodging        | |  2.6

Action                   |  1- 3 |  4- 6 || total
-------------------------+-------+-------++-------
Melee: War axe           |   115 |    13 ||   128
  Use: Potion            |     2 |       ||     2
Armor: Leather armour    |     5 |       ||     5
       Chain mail        |    60 |     7 ||    67
Dodge: Dodged            |    66 |     8 ||    74
